 Dungeon Crawl Stone Soup version 0.28.0 (webtiles) character file.

Game seed: 128726315739854563

237 hikkokomori the Covered (level 6, -4/49 HPs)
             Began as a Formicid Fighter on Feb 10, 2022.
             Was a Follower of Makhleb.
             Killed from afar by a white imp (11 damage)
             ... with a puff of frost
             ... on level 4 of the Dungeon.
             The game lasted 00:05:47 (4016 turns).

hikkokomori the Covered (Formicid Fighter)          Turns: 4016, Time: 00:05:47

Health: -4/49      AC:  7    Str: 23    XL:     6   Next: 28%
Magic:  7/7        EV:  9    Int:  7    God:    Makhleb [*.....]
Gold:   191        SH:  4    Dex: 10    Spells: 5/5 levels left

rFire   . . .      SeeInvis +   a - +0 quarterstaff
rCold   . . .      Faith    .   c - +0 buckler
rNeg    . . .      Spirit   .   b - +0 scale mail
rPois   .          Reflect  .   (helmet unavailable)
rElec   .          Harm     .   (no cloak)
rCorr   .          Rampage  .   (no gloves)
Will    .....                   (no boots)
Stlth   ..........              (no amulet)
HPRegen 0.16/turn               (no ring)
MPRegen 0.10/turn               (no ring)

@: no status effects
A: permanent stasis, dig shafts and tunnels, antennae 3, four strong arms
a: Dig, Shaft Self, Renounce Religion


You were on level 4 of the Dungeon.
You worshipped Makhleb.
Makhleb was aware of your devotion.
You visited 1 branch of the dungeon, and saw 4 of its levels.

You collected 191 gold pieces.

Inventory:

Hand Weapons
 a - a +0 quarterstaff (weapon)
Armour
 b - a +0 scale mail (worn)
 c - a +0 buckler (worn)
Jewellery
 k - a ring of fire
Scrolls
 g - a scroll of magic mapping
 h - a scroll of immolation {unknown}
 i - 2 scrolls of teleportation
Potions
 d - a potion of might
 e - 2 potions of heal wounds
 f - a potion of haste {unknown}
 j - a potion of attraction
 n - a potion of degeneration {unknown}
 o - a potion of mutation {unknown}


   Skills:
 + Level 4.7 Fighting
 + Level 3.6 Staves
 + Level 4.7 Armour
 - Level 3.6 Shields
 + Level 2.4 Invocations


You had 5 spell levels left.
You didn't know any spells.
Your spell library contained the following spells:

 Spells                   Type           Power      Damage    Failure   Level
 Magic Dart               Conj           0%         1d3       80%         1
 Corpse Rot               Necr/Air       0%         N/A       91%         2
 Searing Ray              Conj           0%         2d4       91%         2
 Dispel Undead            Necr           0%         3d6       100%        4
 Fulminant Prism          Conj/Hex       0%         3d6       100%        4
 Death Channel            Necr           0%         N/A       100%        6


Dungeon Overview and Level Annotations

Branches:
Dungeon (4/15)
 Temple: D:4-7

Altars:
Kikubaaqudgha
Makhleb
Zin


Innate Abilities, Weirdness & Mutations

You cannot be hasted, slowed, berserked, paralysed or teleported.
You can dig through walls and to a lower floor.
You have a pair of large antennae on your head. (SInv)
Your four strong arms can wield two-handed weapons with a shield.


Message History

You are too injured to fight recklessly!
You hit the gnoll.
The gnoll is moderately wounded.
The gnoll closely misses you. The gnoll hits you with a +0 flail!
* * * LOW HITPOINT WARNING * * *
You barely miss the gnoll.
The gnoll is moderately wounded.
The gnoll closely misses you. You block the gnoll's attack.
The gnoll hits you with a +0 club.
* * * LOW HITPOINT WARNING * * *
You sock the gnoll!
You kill the gnoll!
Makhleb accepts your kill. The gnoll hits you with a +0 flail.
* * * LOW HITPOINT WARNING * * *
The gnoll closely misses you.
You feel much better. The gnoll closely misses you.
You hit the gnoll.
The gnoll is lightly wounded.
The gnoll closely misses you.
You hit the gnoll.
The gnoll is moderately wounded.
The gnoll hits you with a +0 flail!
* * * LOW HITPOINT WARNING * * *
You hit the gnoll.
The gnoll is heavily wounded.
The gnoll hits you with a +0 flail!
* * * LOW HITPOINT WARNING * * *
You sock the gnoll!
You kill the gnoll!
Makhleb accepts your kill.
You feel better.
A white imp comes into view.
The white imp shouts!
You see here a +0 spear.
You see here a +0 flail.
You see here a +0 whip.
The white imp gestures at you. The puff of frost hits you!
You die...

##.####...))§§.§≈≈≈≈.≈
#.## ###.))§§§§§§...≈
#.# #.§##.§§§≈§≈≈≈≈
.#######.#
#5###.§§§......
.........## ##.#
####..###.#
..######..# #.##
.#.... ##.####.# #.
##### #..##..# #.
##..@.## g. #.....# g#
#.....^.... .#
#......#...##
.............#
#.........##.#
##.####.### #.# .. #.#
..


You could see a white imp.

Vanquished Creatures
  2 orc wizards (D:3)
  4 gnolls (D:4)
  4 adders
  An ufetubus (D:4)
  An adder skeleton (D:4)
  2 worms
  2 dart slugs
  4 orcs (D:3)
  9 ball pythons
  5 bats
  5 endoplasms
  3 giant cockroaches
  2 goblins
  9 hobgoblins
  12 jackals
  8 kobolds
  2 frilled lizards
  17 rats
92 creatures vanquished.

Notes
Turn   | Place    | Note
-------+----------+-------------------------------------------
     0 | D:1      | hikkokomori the Formicid Fighter began the quest for the
                  | Orb.
     0 | D:1      | Reached XP level 1. HP: 18/18 MP: 1/1
   407 | D:1      | Reached XP level 2. HP: 24/24 MP: 2/2
   873 | D:1      | Found a faded altar of an unknown god.
   942 | D:1      | Reached XP level 3. HP: 30/30 MP: 3/3
  1745 | D:2      | Found a burning altar of Makhleb.
  1849 | D:2      | Reached XP level 4. HP: 22/37 MP: 4/4
  1992 | D:2      | Became a worshipper of Makhleb the Destroyer
  2723 | D:3      | Reached skill level 1 in Invocations
  2763 | D:3      | Reached * piety under Makhleb
  2935 | D:3      | Reached XP level 5. HP: 28/37 MP: 5/5
  3655 | D:4      | Found a glowing silver altar of Zin.
  3856 | D:4      | Reached XP level 6. HP: 46/49 MP: 7/7
  3972 | D:4      | Found an ancient bone altar of Kikubaaqudgha.
  4016 | D:4      | Killed from afar by a white imp

Illustrated notes

Levels and vault maps discovered:
D:1:      dpeg_arrival_orchard, layout_basic,
          shapermc_ecumenical_altar_notcrosses, grunt_decor_junction,
          minmay_rat_gold_closets
D:2:      layout_loops_ring, basic_altar
D:3:      layout_basic, chequers_serial_rivers_micro_e
D:4:      kennysheep_goblin_castle, layout_layer_cave,
          chequers_temple_overflow_statue_of_worship, zin_academy,
          mainiacjoe_overflow_catwalk_spiral

Skill      XL: |  1  2  3  4  5 |
---------------+----------------+-----
Armour         | 4 |  4.7
Fighting       | 4 |  4.7
Staves         | 3 |  3.6
Invocations    | 1 2 |  2.4
Shields        | |  3.6

Action                   |  1- 3 |  4- 6 || total
-------------------------+-------+-------++-------
Melee: Quarterstaff      |   118 |   142 ||   260
 Abil: Dig               |       |     3 ||     3
  Use: Scroll            |       |     7 ||     7
       Potion            |       |     1 ||     1
Armor: Scale mail        |    50 |    52 ||   102
Dodge: Dodged            |    55 |    73 ||   128
Block: Buckler           |    18 |    29 ||    47
